 Dungeon Crawl Stone Soup version 0.24-a0-307-gf989941 (webtiles) character file.

Game seed: 11820075659461631124

292 mhoghedin the Ruffian (level 5, 41/41 HPs)
             Began as a Demigod Skald on May 13, 2019.
             Quit the game on level 3 of the Dungeon.
             The game lasted 00:04:28 (2657 turns).

mhoghedin the Ruffian (Demigod Skald)               Turns: 2657, Time: 00:04:28

Health: 41/41      AC:  4    Str: 16    XL:     5   Next: 84%
Magic:  10/10      EV: 12    Int: 17    God:
Gold:   54         SH:  0    Dex: 15    Spells: 4/7 levels left

rFire    . . .     SeeInvis .     - Unarmed
rCold    . . .     Gourm    .   (no shield)
rNeg     . . .     Faith    .   a - +0 leather armour
rPois    .         Spirit   .   (no helmet)
rElec    .         Reflect  .   i - +0 cloak
rCorr    .         Harm     .   (no gloves)
MR       +....                  (no boots)
Stlth    +.........             (no amulet)
HPRegen  0.13/turn              e - ring of protection from magic {MR+, !d}
MPRegen  0.12/turn              (no ring)

@: no status effects
A: high mp 1
a: no special abilities


You were on level 3 of the Dungeon.
You were hungry.

You visited 1 branch of the dungeon, and saw 3 of its levels.

You collected 54 gold pieces.

Inventory:

Hand Weapons
 b - a +0 short sword
   (You found it on level 1 of the Dungeon)
Armour
 a - a +0 leather armour (worn)
 i - a +0 cloak (worn)
   (You found it on level 1 of the Dungeon)
 j - a +0 helmet
   (You found it on level 2 of the Dungeon)
Jewellery
 e - a ring of protection from magic (left hand) {MR+, !d}
   (You found it on level 1 of the Dungeon)
Wands
 l - a wand of random effects (16)
   (You found it on level 3 of the Dungeon)
Scrolls
 d - 2 scrolls of blinking {unknown}
 f - 2 scrolls of enchant armour {unknown}
 h - 4 scrolls of identify {unknown}
 n - a scroll of teleportation {unknown}
Potions
 g - 3 potions of haste
 k - a potion of flight {unknown}
 m - a potion of mutation {unknown}
 o - a potion of ambrosia {unknown}
Comestibles
 c - 5 rations


   Skills:
 - Level 1.7 Fighting
 - Level 0.8 Armour
 - Level 1.7 Dodging
 + Level 5.9 Unarmed Combat
 - Level 1.7 Spellcasting
 - Level 2.6 Charms


You had 4 spell levels left.
You knew the following spells:

 Your Spells              Type           Power        Failure   Level  Hunger
a - Infusion              Chrm           ##..         9%          1    #......
S - Song of Slaying       Chrm           ##......     12%         2    ###....

Your spell library contained the following spells:

 Spells                   Type           Power        Failure   Level  Hunger
 Shroud of Golubria       Chrm/Tloc      #.........   22%         2    ###....
 Regeneration             Chrm/Necr      #.........   38%         3    ###....
 Spectral Weapon          Hex/Chrm       #.......     38%         3    ###....


Dungeon Overview and Level Annotations

Branches:
Dungeon (3/15)


Innate Abilities, Weirdness & Mutations

You have an increased reservoir of magic. (+10% MP)


Message History

You butcher the quokka corpse.
l - 3 chunks of flesh {@w0} (gained 2)
Things that are here:
a +0 mace; a quokka skeleton; an orc corpse
Things that are here:
a +0 war axe; a +0 leather armour; an orc skeleton You start resting.
A rat comes into view.
You regained 9 hp, and now have 23/41 hp.
You start resting.
The rat is too close now for your liking.
Things that are here:
a +0 dagger; a +0 robe You are feeling hungry.
You start resting.
Eating one of 3 chunks of flesh {@w0}.
You eat one of the 3 chunks of flesh {@w0}.
Health restored: 41
Okay, then.
An adder comes into view.
An adder is nearby!
You begin infusing your attacks with magical energy.
The adder hisses angrily.
You now have 9/10 mp.
You punch the adder!
You kill the adder!
You now have 8/10 mp.
No target in view!
m - a puce potion
h - 2 scrolls labeled JESOBU CAGUTU (gained 1) All of the chunks of flesh in your inventory have rotted away.
The rat is too close now for your liking.
A rat is nearby!
A rat is nearby!
A rat comes into view.
The rat closely misses you.
You hit the rat!
You kill the rat!
You now have 8/10 mp.
The rat bites you.
Found a stone staircase leading down.
You take 1 damage, and have 40/41 hp.
You hit the rat.
You kill the rat!
No target in view!
Your magical infusion is running out.
l - a wand of random effects (16) Health restored: 41 You are no longer magically infusing your attacks.
c - 5 rations (gained 1)
Found a stone staircase leading up.
MP restored: 10 An adder comes into view.
You punch the adder! The adder closely misses you.
You hit the adder but do no damage. The adder barely misses you.
You hit the adder.
You kill the adder!
No target in view!
No target in view!
No target in view!
No target in view!
No target in view!
No target in view!
No target in view!
No target in view!
No target in view!
No target in view!
No target in view!
Found a stone staircase leading up.
There is a stone staircase leading up here.
n - a scroll labeled DOTAQ ZYBUSOR No target in view!
h - 3 scrolls labeled JESOBU CAGUTU (gained 1)
A rat comes into view.
A rat is nearby!
You hit the rat but do no damage. You punch the rat.
You kill the rat!
No target in view!
No target in view!
No target in view!
No target in view!
No target in view!
No target in view!
h - 4 scrolls labeled JESOBU CAGUTU (gained 1)
o - an emerald potion A bat comes into view.
You hit the bat.
You kill the bat!
No target in view!
No target in view!
No target in view!
No target in view!
No target in view!
No target in view!
No target in view!
There is a stone staircase leading up here.
You see here a robe.
You are feeling hungry.
You see here a robe.
No target in view!
No target in view!
No target in view!

## ###### .########....#
########
.......<.....#####......#
#########.......@.......#
#####....#####......#
#.......## #......#
#####.#####.#### ########
..........#....#
..........#....#
..>.....รท......#
...............#
...........#...####


There were no monsters in sight!

Vanquished Creatures
  Sigmund (D:2)
  An orc wizard (D:3)
  5 adders
  An ooze (D:3)
  A worm (D:2)
  3 dart slugs (D:2)
  A leopard gecko (D:3)
  2 orcs (D:3)
  A giant cockroach (D:2)
  2 goblins
  5 hobgoblins
  3 jackals
  2 kobolds (D:2)
  A quokka (D:3)
  A ball python (D:1)
  8 bats
  7 frilled lizards
  10 rats
55 creatures vanquished.

Notes
Turn   | Place    | Note
-------+----------+-------------------------------------------
     0 | D:1      | mhoghedin the Demigod Skald began the quest for the Orb.
     0 | D:1      | Reached XP level 1. HP: 17/17 MP: 5/5
    88 | D:1      | Reached skill level 2 in Unarmed Combat
   965 | D:2      | Reached XP level 2. HP: 21/24 MP: 4/7
  1004 | D:2      | Learned a level 2 spell: Song of Slaying
  1095 | D:2      | Reached skill level 3 in Unarmed Combat
  1351 | D:2      | Reached XP level 3. HP: 28/29 MP: 2/8
  1575 | D:2      | Noticed Sigmund
  1658 | D:2      | Killed Sigmund
  1658 | D:2      | Reached skill level 5 in Unarmed Combat
  1658 | D:2      | Reached XP level 4. HP: 36/36 MP: 9/9
  1658 | D:2      | Reached XP level 5. HP: 41/41 MP: 10/10
  2657 | D:3      | Quit the game

Levels and vault maps discovered:
D:1:      dpeg_arrival_arbitrary_a, layout_loops_corners
D:2:      layout_loops_ring, uniq_sigmund
D:3:      layout_rooms

Skill      XL: |  1  2  3 |
---------------+----------+-----
Unarmed Combat | 2 3 5 |  5.9
Fighting       | |  1.7
Armour         | |  0.8
Dodging        | |  1.7
Spellcasting   | |  1.7
Charms         | |  2.6

Action                   |  1- 3 |  4- 6 || total
-------------------------+-------+-------++-------
Melee: Short sword       |    91 |       ||    91
       Unarmed           |    16 |    57 ||    73
       Punch             |     2 |     5 ||     7
 Cast: Infusion          |    15 |     2 ||    17
       Song of Slaying   |     3 |     2 ||     5
  Use: Potion            |     4 |       ||     4
 Stab: Sleeping          |     1 |       ||     1
  Eat: Chunk             |     3 |     3 ||     6
Armor: Leather armour    |    29 |     5 ||    34
       Skin              |    31 |       ||    31
Dodge: Dodged            |    77 |    27 ||   104

Table legend:
 A = Non-vault XP
 B = Vault XP
 C = Vault XP percentage of total XP
 D = Non-vault monster count
 E = Vault monster count
 F = Vault count percentage of total count
                 A         B        C        D         E       F
            +---------+---------+-------+---------+---------+-------
      Total |     195 |     223 |  53.3 |      54 |       1 |   1.8
            +---------+---------+-------+---------+---------+-------
        D:1 |      14 |       0 |   0.0 |      11 |       0 |   0.0
        D:2 |      77 |     223 |  74.3 |      29 |       1 |   3.3
        D:3 |     104 |       0 |   0.0 |      14 |       0 |   0.0
            +---------+---------+-------+---------+---------+-------

Levels and vault maps discovered:
D:1:      dpeg_arrival_arbitrary_a, layout_loops_corners
D:2:      layout_loops_ring, uniq_sigmund
D:3:      layout_rooms

Table legend:
 A = Turns spent in this place as a percentage of turns spent in the entire game.
 B = Non-inter-level travel turns spent in this place as a percentage of non-inter-level travel turns spent in the entire game.
 C = Inter-level travel turns spent in this place as a percentage of turns spent in this place.
 D = Turns resting spent in this place as a percentage of non-inter-level travel turns spent in this place.
 E = Turns spent auto-exploring this place as a percentage of non-inter-level travel turns spent in this place.
 F = Non-inter-level travel turns spent in this place divided by the number of levels of this place that you've seen.
                   A       B       C       D       E      F
               +-------+-------+-------+-------+-------+----------------------
         Total | 100.0 | 100.0 |   3.3 |  25.3 |  55.9 | 856.7
       Dungeon | 100.0 | 100.0 |   3.3 |  25.3 |  55.9 | 856.7
               +-------+-------+-------+-------+-------+----------------------

Table legend:
 A = Kills in this place as a percentage of kills in entire the game.
 B = Kills by you in this place as a percentage of kills by you in the entire game.
 C = Kills by friends in this place as a percentage of kills by friends in the entire game.
 D = Other kills in this place as a percentage of other kills in the entire game.
 E = Experience gained in this place as a percentage of experience gained in the entire game.
 F = Experience gained in this place divided by the number of levels of this place that you have seen.
                   A       B       C       D       E      F
               +-------+-------+-------+-------+-------+----------------------
         Total | 100.0 | 100.0 |   N/A |   N/A | 100.0 | 139.3
       Dungeon | 100.0 | 100.0 |   N/A |   N/A | 100.0 | 139.3
               +-------+-------+-------+-------+-------+----------------------
